 Dungeon Crawl Stone Soup version 0.19.0-17-g07987d3 (webtiles) character file.

2090 kroki the Cleaver (level 9, -4/73 HPs)
             Began as a Hill Orc Gladiator on Nov 10, 2016.
             Was a High Priest of Uskayaw.
             Slain by Dowan
             ... wielding a +0 dagger of electrocution
              (9 damage)
             ... on level 7 of the Dungeon.
             The game lasted 00:05:39 (6518 turns).

kroki the Cleaver (Hill Orc Gladiator)              Turns: 6518, Time: 00:05:40

Health: -4/73      AC: 22    Str: 18    XL:     9   Next: 27%
Magic:  11/11      EV:  8    Int:  8    God:    Uskayaw [*****.]
Gold:   212        SH:  5    Dex: 17    Spells: 0 memorised, 8 levels left

rFire  . . .     SeeInvis .     a - +1 war axe
rCold  + . .     Gourm    .     B - +8 chain mail "Tino" {Dex+3}
rNeg   . . .     Faith    .     (no shield)
rPois  .         Spirit   .     c - +0 helmet
rElec  .         Reflect  +     q - +1 cloak
rCorr  .         Harm     .     l - +1 pair of gloves
MR     .....                    (no boots)
Stlth  ..........               E - +5 amulet of reflection
                                (no ring)
                                j - ring of protection from cold {rC+, !d}

@: no status effects
A: no striking features
a: Stomp, Line Pass, Grand Finale, Renounce Religion


You were on level 7 of the Dungeon.
You worshipped Uskayaw.
Uskayaw was noncommittal.
You were not hungry.

You visited 2 branches of the dungeon, and saw 8 of its levels.

You collected 212 gold pieces.

Inventory:

Hand Weapons
 a - a +1 war axe (weapon)
Missiles
 d - 5 throwing nets {=f, !d}
Armour
 c - a +0 helmet (worn)
 l - a +1 pair of gloves (worn)
   (You found it on level 1 of the Dungeon)
 n - a +0 scale mail
   (You found it on level 1 of the Dungeon)
 q - a +1 cloak (worn)
   (You found it on level 2 of the Dungeon)
 B - the +8 chain mail "Tino" (worn) {Dex+3}
   (You found it on level 5 of the Dungeon)

   It affects your dexterity (+3).
Rods
 y - a -3 rod of shadows (13/13)
   (You found it on level 4 of the Dungeon)
Jewellery
 j - a ring of protection from cold (left hand) {rC+, !d}
   (You found it on level 6 of the Dungeon)
 E - a +5 amulet of reflection (around neck)
   (You found it on level 6 of the Dungeon)
Wands
 b - a wand of disintegration (10/24)
   (You found it on level 3 of the Dungeon)
 o - a wand of iceblast (4/15)
   (You found it on level 2 of the Dungeon)
Scrolls
 e - a scroll of recharging
 m - 4 scrolls of fog
 r - a scroll of teleportation
 s - 4 scrolls of remove curse
 D - a scroll of enchant armour
Potions
 g - 2 potions of cancellation {unknown}
 k - 2 potions of flight
 u - a potion of heal wounds
 v - a potion of lignification {unknown}
 z - 2 potions of mutation {unknown}
 A - a potion of cure mutation {unknown}
 C - a potion of ambrosia {unknown}
Books
 w - a book of Changes
   (You found it on level 5 of the Dungeon)
Comestibles
 f - 5 bread rations {@e1}
 h - a slice of pizza
 i - 5 fruits
 x - 2 meat rations {@e2}


   Skills:
 + Level 4.8 Fighting
 * Level 13.4 Axes
 - Level 1.7 Throwing
 + Level 3.8 Armour
 - Level 2.4 Dodging
 * Level 3.6 Invocations


You had 8 spell levels left.
You didn't know any spells.

Dungeon Overview and Level Annotations

Branches:
Dungeon (7/15)             Temple (1/1) D:6

Altars:
Ashenzari
Dithmenos
Elyvilon
Fedhas
Gozag
Kikubaaqudgha
Nemelex Xobeh
Qazlal
Sif Muna
Uskayaw
Xom
Zin
The Shining One

Annotations:
D:7 Dowan


Message History

Unknown command.
You completely miss the steam dragon. The steam dragon bites you.
The steam dragon claws you but does no damage.
You take 2 damage, and have 37/71 hp.
You slash the steam dragon!
The steam dragon bites you but does no damage.
The steam dragon claws you but does no damage.
You slash the steam dragon!
You kill the steam dragon!
The sky beast flickers out of sight!
Deactivating autopickup; reactivate with Ctrl-A.
You can now pass through a line of other dancers.
You slash something! Something hits you but does no damage.
You miss something.
The insubstantial wisp gives a chilling moan.
Something hits you but does no damage.
You closely miss something. You slash something!
Something hits you but does no damage.
You closely miss something. Something hits you. Something shocks you.
You take 6 damage, and have 33/72 hp.
Your chain mail "Tino" prevents you from hitting something.
Something hits you but does no damage.
You slash something! Something hits you but does no damage.
Uskayaw will force your foes to helplessly watch your dance.
Uskayaw prepares the audience for your solo!
You hit something.
Reactivating autopickup.
Your Invocations skill increases to level 3!
You feel a bit more experienced.
The insubstantial wisp is no longer paralysed.
MP restored: 11 Duvessa is no longer paralysed.
Duvessa hits you but does no damage.
The insubstantial wisp blinks!
You slash Duvessa!
Duvessa says, "My weaknesses are his strengths!"
Duvessa barely misses you.
Uskayaw will force your foes to share their pain.
Uskayaw links your audience in an emotional bond!
You hit Duvessa but do no damage. You block Duvessa's attack.
You slash Duvessa!
Duvessa says, "When magic and the sword combine, nothing stands against them."
Duvessa drinks a potion.
Duvessa is healed!
Dowan, Brother of Duvessa comes into view.
He is wielding a dagger of electrocution.
Dowan shouts!
You slash Duvessa! You hit the insubstantial wisp.
The insubstantial wisp is no longer sharing its pain.
Dowan gestures wildly while chanting.
Dowan blinks!
The insubstantial wisp closely misses you.
Duvessa completely misses you.
You barely miss Duvessa.
You hit the insubstantial wisp but do no damage.
The insubstantial wisp blinks!
You hit Duvessa. Duvessa hits you but does no damage.
You can now merge with and destroy a victim.
You hit Duvessa but do no damage.
Duvessa is no longer sharing her pain.
Duvessa hits you but does no damage.
The insubstantial wisp blinks!
Uskayaw prepares the audience for your solo!
The helpless Duvessa fails to defend herself.
You slash Duvessa!
You kill Duvessa!
You hear a distant wail of despair.
Okay, then.
Okay, then.
Dowan seems to find hidden reserves of power!
Things that are here:
a short sword of electrocution; a ring mail As you close the door, it creaks loudly!
You start resting.
Aim: Dowan, wielding a dagger of electrocution and wearing a robe (fast)
Okay, then.
Dowan hits you but does no damage.
You are electrocuted!
Dowan hits you but does no damage.
You can no longer merge with and destroy a victim.
There is an open door here.
You take 10 damage, and have 26/72 hp.
You hit Dowan. Dowan barely misses you.
Unknown command.
You slash Dowan! Dowan hits you but does no damage.
You are electrocuted!
* * * LOW HITPOINT WARNING * * *
You can now merge with and destroy a victim.
You take 12 damage, and have 15/72 hp.
You slash Dowan! You block Dowan's attack. Dowan hits you but does no damage.
Unknown command.
You hit Dowan but do no damage. You miss the insubstantial wisp.
Dowan hits you but does no damage.
You are electrocuted!
* * * LOW HITPOINT WARNING * * *
You block the insubstantial wisp's attack.
You take 10 damage, and have 5/72 hp.
Your chain mail "Tino" prevents you from hitting Dowan.
You slash the insubstantial wisp!
You destroy the insubstantial wisp!
Dowan hits you but does no damage.
You are electrocuted!
You die...

##.#### #.....# #..##.# .#
#<(##.# #+#..# #....<#
##...#.#... #.##..#
##.........#. #.##..##
##.........§≈≈
####......####.........#§≈≈
........<...)@e......e.≈§≈.
######...####.......#≈≈≈.(
#..## ##.......≈≈..# ...##
##..†..?≈≈.$# #...#
##)†...§§§.. #....
#.....#§§≈≈ #....
#.....§#§≈≈ ..### #>.......
. .## ........!.


You could see Dowan.

Vanquished Creatures
  A steam dragon (D:7)
  An insubstantial wisp (D:7)
  Duvessa (D:7)
  A phantom (D:5)
  An ice beast (D:5)
  4 sky beasts (D:7)
  An orc warrior (D:6)
  An ogre (D:7)
  A centaur (D:7)
  Blork the orc (D:5)
  A scorpion (D:6)
  A howler monkey (D:4)
  2 crimson imps (D:6)
  A bullfrog skeleton (D:4)
  A centaur skeleton (D:4)
  2 hounds (D:6)
  An orc priest (D:5)
  6 orc wizards
  5 worker ants
  A hound skeleton (D:6)
  A howler monkey skeleton (D:5)
  10 adders
  A shadow imp (D:6)
  An ooze (D:5)
  2 adder skeletons
  4 worms
  9 dart slugs
  5 leopard geckos
  8 orcs
  A ball python (D:3)
  8 bats
  7 giant cockroaches
  6 goblins
  12 hobgoblins
  8 jackals
  9 kobolds
  2 quokkas (D:3)
  7 frilled lizards
  A quokka skeleton (D:6)
  6 rats
142 creatures vanquished.

Notes
Turn   | Place    | Note
-------+----------+-------------------------------------------
     0 | D:1      | kroki the Hill Orc Gladiator began the quest for the Orb.
     0 | D:1      | Reached XP level 1. HP: 18/18 MP: 1/1
   161 | D:1      | Reached XP level 2. HP: 25/25 MP: 2/2
   279 | D:1      | Reached skill level 5 in Axes
   503 | D:1      | Reached XP level 3. HP: 30/30 MP: 3/3
  1171 | D:2      | Reached skill level 6 in Axes
  1252 | D:2      | Reached XP level 4. HP: 28/37 MP: 4/4
  1873 | D:3      | Found a stormy altar of Qazlal.
  1985 | D:3      | Found a glowing silver altar of Zin.
  2031 | D:3      | Reached skill level 7 in Axes
  2203 | D:3      | Reached XP level 5. HP: 38/42 MP: 5/5
  2844 | D:4      | Reached skill level 8 in Axes
  3077 | D:4      | Reached XP level 6. HP: 50/50 MP: 6/6
  3085 | D:4      | Reached skill level 9 in Axes
  3733 | D:5      | Entered Level 5 of the Dungeon
  3738 | D:5      | Got a brightly glowing chain mail
  3752 | D:5      | Found a sparkling altar of Nemelex Xobeh.
  3803 | D:5      | Noticed Blork the orc
  3819 | D:5      | Killed Blork the orc
  3819 | D:5      | Reached skill level 10 in Axes
  3819 | D:5      | Reached XP level 7. HP: 35/56 MP: 7/7
  3831 | D:5      | Identified the +8 chain mail "Tino" {Dex+3} (You found it on level 5 of the Dungeon)
  3999 | D:5      | Found a shadowy altar of Dithmenos.
  4162 | D:5      | Reached skill level 11 in Axes
  4290 | D:5      | Found a hide-covered altar of Uskayaw.
  4480 | D:5      | Found a shimmering altar of Xom.
  4604 | D:5      | Became a worshipper of Uskayaw the Reveler
  4609 | D:5      | Identified a -3 rod of shadows (13/13) (You found it on level 4 of the Dungeon)
  4639 | D:6      | Reached * piety under Uskayaw
  4720 | D:6      | Reached ** piety under Uskayaw
  4827 | D:5      | Reached skill level 12 in Axes
  4827 | D:5      | Reached XP level 8. HP: 51/62 MP: 5/8
  5025 | D:6      | Found a staircase to the Ecumenical Temple.
  5228 | D:6      | Reached skill level 1 in Armour
  5233 | D:6      | Reached skill level 3 in Fighting
  5348 | D:6      | Found a white marble altar of Elyvilon.
  6244 | Temple   | Entered the Ecumenical Temple
  6290 | D:7      | Reached skill level 2 in Armour
  6309 | D:7      | Reached skill level 1 in Invocations
  6312 | D:7      | Reached *** piety under Uskayaw
  6315 | D:7      | Reached **** piety under Uskayaw
  6317 | D:7      | Reached skill level 4 in Fighting
  6317 | D:7      | Reached skill level 2 in Invocations
  6318 | D:7      | Reached skill level 13 in Axes
  6324 | D:7      | Noticed Duvessa
  6327 | D:7      | Reached skill level 3 in Armour
  6327 | D:7      | Reached XP level 9. HP: 35/71 MP: 3/10
  6328 | D:7      | Reached ***** piety under Uskayaw
  6329 | D:7      | HP: 16/71 [steam dragon (3)]
  6330 | D:7      | HP: 6/71 [sky beast (6)]
  6499 | D:7      | Reached skill level 3 in Invocations
  6504 | D:7      | Noticed Dowan
  6508 | D:7      | Killed Duvessa
  6515 | D:7      | HP: 15/72 [Dowan/dagger of electrocution (12)]
  6517 | D:7      | HP: 5/72 [Dowan/dagger of electrocution (10)]
  6518 | D:7      | Slain by Dowan

Skill      XL: |  1  2  3  4  5  6  7  8  9 |
---------------+----------------------------+-----
Axes           | 5 6 7 8 10 12 13 | 13.4
Armour         | 3 |  3.8
Fighting       | 4 |  4.8
Invocations    | 2 3 |  3.6
Throwing       | |  1.7
Dodging        | |  2.4

Action                   |  1- 3 |  4- 6 |  7- 9 || total
-------------------------+-------+-------+-------++-------
Melee: War axe           |    93 |   225 |   182 ||   500
Invok: Stomp             |       |       |    10 ||    10
  Use: Scroll            |     3 |       |    10 ||    13
       Potion            |       |       |     1 ||     1
 Stab: Paralysed         |       |       |     3 ||     3
  Eat: Chunk             |     1 |     8 |     7 ||    16
       Bread ration      |       |       |     1 ||     1
       Beef jerky        |       |       |     1 ||     1
Armor: Leather armour    |    11 |       |       ||    11
       Scale mail        |    13 |   101 |       ||   114
       Chain mail        |       |       |   138 ||   138
Dodge: Dodged            |    45 |   119 |    57 ||   221
Block: Other             |       |       |     8 ||     8
       Reflection        |       |       |     1 ||     1

Vault maps used:
D:1:      roderic_octagonal_star, corexii_item_surrounded_by_moat,
          kennysheep_pointless_box, minmay_pentomino_s2
D:3:      zin_statuary, first_bread, st_stairs_12, grunt_qazlal_clouds
D:4:      minmay_three_crescents
D:5:      lemuel_round_altar, grunt_temple_overflow_open, lemuel_crystal_altar,
          kennysheep_generic_room_12, uniq_blork_the_orc
D:6:      old_standard_altar, lemuel_flame_loot_1
D:7:      cheibrodos_iron_armory, serial_shops, shop,
          nicolae_ossuary_entry_catacombs, the_bakery, hangedman_misty_isle,
          uniq_crazy_yiuf_cottage, uniq_duvessa
Temple:   cyrus_circular_temple

Table legend:
 A = Turns spent in this place as a percentage of turns spent in the entire game.
 B = Non-inter-level travel turns spent in this place as a percentage of non-inter-level travel turns spent in the entire game.
 C = Inter-level travel turns spent in this place as a percentage of turns spent in this place.
 D = Turns resting spent in this place as a percentage of non-inter-level travel turns spent in this place.
 E = Turns spent auto-exploring this place as a percentage of non-inter-level travel turns spent in this place.
 F = Non-inter-level travel turns spent in this place divided by the number of levels of this place that you've seen.
                   A       B       C       D       E      F
               +-------+-------+-------+-------+-------+----------------------
         Total | 100.0 | 100.0 |   0.4 |   0.2 |  13.0 | 307.8
       Dungeon |  99.6 |  99.7 |   0.4 |   0.2 |  12.9 | 350.6
        Temple |   0.4 |   0.3 |  11.1 |   0.0 |  37.5 |   8.0
               +-------+-------+-------+-------+-------+----------------------

Table legend:
 A = Kills in this place as a percentage of kills in entire the game.
 B = Kills by you in this place as a percentage of kills by you in the entire game.
 C = Kills by friends in this place as a percentage of kills by friends in the entire game.
 D = Other kills in this place as a percentage of other kills in the entire game.
 E = Experience gained in this place as a percentage of experience gained in the entire game.
 F = Experience gained in this place divided by the number of levels of this place that you have seen.
                   A       B       C       D       E      F
               +-------+-------+-------+-------+-------+----------------------
         Total | 100.0 | 100.0 |  -nan |  -nan | 100.0 | 373.2
       Dungeon | 100.0 | 100.0 |  -nan |  -nan | 100.0 | 426.6
               +-------+-------+-------+-------+-------+----------------------
